AoeStats
← Etipekl

Hideout

507038190Analyzed
1v1 RM · 16d ago on Sep 16, 2026· 34m 8s· 2 players
Game mode
Random Map
Map size
Tiny (2 player)
Population
200
Speed
Normal
Resources
Standard
Victory
Conquest
Starting age
Dark Age
Ending age
Imperial Age
RankedLock teamsTeams togetherTeam positionsShared explorationLock speedFull tech treeHidden civsTurbo modeCheats
Victory
Defeat
🇹🇷 Vikings · Türkiye
1034
+30
🇨🇭 Tupi · Switzerland
1022
-15
Vikingbarbu
10:56 Feudal Age
15:48 Castle Age
14:32 Double-Bit Axe
14:29 Horse Collar
17:16 Loom
17:26 Champi Runner
18:39 Champi Warrior
25:47 Town Watch
27:05 Crossbowman
28:16 Fletching
29:58 Wheelbarrow
30:31 Bow Saw
30:25 Heavy Plow
32:28 Padded Archer Armor
33:30 Bodkin Arrow
Etipekl
7:20 Loom
9:18 Feudal Age
11:32 Man-at-Arms
12:44 Arson
21:01 Castle Age
21:10 Forging
21:00 Scale Mail Armor
22:09 Double-Bit Axe
22:05 Horse Collar
22:16 Gambesons
22:32 Squires
23:08 Iron Casting
23:16 Bow Saw
25:25 Gold Mining
25:33 Stone Mining
27:20 Long Swordsman
28:28 Chain Mail Armor
32:05 Heavy Plow
33:42 Gold Shaft Mining
36:09 Imperial Age
33:52 Town Watch
Connection lost

Rejoining the realm…

Still unreachable

The connection could not be restored.

Session expired

The server has moved on; the page needs a fresh start.